AoeStats
← asasa137

Migration

508925895Analyzed
1v1 RM · 6d ago on Sep 24, 2026· 50m 1s· 2 players
Game mode
Random Map
Map size
132×132
Population
200
Speed
Normal
Resources
Standard
Victory
Conquest
Starting age
Dark Age
Ending age
Imperial Age
RankedLock teamsTeams togetherTeam positionsShared explorationLock speedFull tech treeHidden civsTurbo modeCheats
Victory
Defeat
🇪🇸 Spanish · Spain
1009
+15
🇧🇪 Wei · Belgium
998
-15
asasa137
11:01 Feudal Age
13:44 Town Watch
14:16 Man-at-Arms
16:04 Wheelbarrow
16:18 Bloodlines
21:30 Loom
24:07 Castle Age
23:48 Fletching
23:59 Padded Archer Armor
44:51 Horse Collar
49:34 Town Patrol
yowyow
11:46 Feudal Age
12:30 Double-Bit Axe
14:00 Fishing Lines
15:32 Gold Mining
18:40 Castle Age
16:38 Loom
18:47 Stone Mining
22:08 Stone Shaft Mining
22:41 Bow Saw
27:09 Fletching
35:03 Bodkin Arrow
37:41 Horse Collar
40:01 Bloodlines
47:27 Imperial Age
45:18 Padded Archer Armor
45:41 Ballistics
47:17 Leather Archer Armor
47:14 Forging
48:54 Wheelbarrow
49:34 Chemistry
49:02 Conscription
49:08 Conscription
49:10 Heavy Plow
50:56 Supremacy
Connection lost

Rejoining the realm…

Still unreachable

The connection could not be restored.

Session expired

The server has moved on; the page needs a fresh start.